Map: Orbital Shipyard

Players

RepMeaSt (Semper) - Winner!

  • Race: Terran Terran
  • League: Master

EnDerr

  • Race: Zerg Zerg
  • League: Master

Event: ASL Season 5 Prime League LOTV Beta

VOD

Have the link to the VOD?

Description

Time

  • Played on: Sept. 9, 2015, 8:38 p.m.
  • Length: 11:05

All games in this series

Show
View Real Time Build Order
Export as new Build Order

RepMeaSt Terran - Winner!

Build Orders: 1 Rax Expand, MMM Bio 

Get SALT Encoding   

  12  0:01  SCV  
  13  0:13  SCV  
  14  0:18  Supply Depot  
  14  0:25  SCV  
  15  0:40  SCV  
  15  0:41  Barracks  
  16  0:44  Refinery  
  16  0:52  SCV  
  17  1:04  SCV  
  18  1:16  SCV  
  19  1:28  Barracks Reactor  
  19  1:29  Orbital Command  
  19  1:41  Command Center  
  19  1:50  Supply Depot  
  19  1:55  SCV  
  20  2:04  Reaper x2  
  20  2:07  SCV  
  23  2:20  SCV  
  24  2:29  Command Center  
  24  2:32  SCV  
  24  2:36  Reaper  
  26  2:41  Reaper  
  27  2:47  SCV  
  28  2:55  Orbital Command  
  28  2:59  SCV  
  29  3:06  Barracks  
  29  3:07  Barracks  
  29  3:11  Reaper  
  29  3:12  SCV  
  31  3:18  Reaper  
  32  3:23  SCV  
  32  3:24  SCV, Refinery  
  34  3:27  Supply Depot  
  34  3:34  Refinery  
  34  3:35  SCV  
  34  3:36  SCV  
  36  3:43  Orbital Command  
  36  3:47  SCV  
  33  3:56  Marine  
  33  3:59  Marine  
  33  4:01  Barracks Tech Lab, Marine  
  35  4:04  SCV  
  35  4:05  SCV, Bunker  
  35  4:06  Bunker  
  35  4:07  Supply Depot  
  35  4:09  SCV  
  37  4:14  Marine  
  37  4:16  SCV  
  37  4:17  SCV  
  40  4:19  Marine  
  40  4:22  Supply Depot  
  40  4:26  Supply Depot  
  40  4:27  Marine  
  40  4:29  SCV  
  40  4:31  Marine  
  40  4:37  Marine  
  40  4:38  SCV  
  41  4:41  Stimpack  
  41  4:42  SCV x2  
  43  4:46  Marauder  
  43  4:49  Marine  
  43  4:50  SCV  
  47  4:54  SCV  
  47  4:55  Marine  
  47  4:57  Bunker  
  49  5:06  SCV  
  50  5:07  SCV, Marauder  
  50  5:08  Factory  
  50  5:09  Engineering Bay  
  50  5:10  Orbital Command  
  50  5:13  Marine  
  54  5:21  Barracks  
  54  5:22  Barracks  
  54  5:23  Barracks  
  54  5:24  SCV  
  54  5:28  Marine  
  53  5:31  Marine  
  53  5:35  SCV  
  55  5:40  SCV x2  
  55  5:46  Marauder  
  55  5:48  Marine  
  54  5:52  SCV x2  
  54  5:53  Terran Infantry Weapons Level 1  
  54  5:54  Refinery  
  54  5:55  Engineering Bay  
  54  5:56  Factory Reactor  
  56  5:57  SCV, Starport  
  57  6:04  Bunker  
  57  6:06  Marine  
  57  6:07  Marine  
  59  6:12  Marine x2  
  60  6:22  Marine  
  61  6:33  Bunker  
  61  6:36  Supply Depot  
  61  6:37  Supply Depot  
  61  6:38  SCV  
  61  6:39  Marine x3  
  61  6:43  Combat Shields  
  61  6:58  SCV x3, Marauder  
  70  7:04  Medivac x2  
  70  7:06  Terran Infantry Armor Level 1  
  70  7:07  Orbital Command  
  74  7:09  Armory  
  74  7:10  SCV  
  74  7:11  Barracks Reactor x2  
  74  7:13  Barracks Reactor, Barracks Tech Lab  
  74  7:15  SCV  
  72  7:19  Factory Reactor, Marine  
  72  7:22  SCV  
  74  7:27  SCV  
  75  7:32  Supply Depot, Bunker  
  75  7:33  Supply Depot, SCV  
  75  7:34  SCV  
  75  7:35  Supply Depot  
  77  7:40  Concussive Shells  
  77  7:47  Missile Turret  
  77  7:51  Missile Turret  
  77  7:52  Missile Turret  
  77  7:53  SCV x3, Medivac, Marine x3  
  77  7:54  Medivac, Marine x3  
  77  7:57  Missile Turret  
  90  8:00  Marine  
  90  8:01  Marine  
  90  8:02  Missile Turret  
  92  8:05  SCV x2  
  92  8:08  Supply Depot  
  92  8:11  Marine x3  
  92  8:12  Liberator  
  97  8:13  Supply Depot, Marine x2  
  97  8:15  Supply Depot, Widow Mine  
  97  8:16  Supply Depot  
  101  8:25  Supply Depot  
  101  8:29  Marine x3, Widow Mine  
  101  8:30  Terran Infantry Weapons Level 2  
  109  8:35  Marine x4  
  109  8:38  Marine  
  109  8:40  Liberator  
  111  8:45  Widow Mine  
  111  8:47  Supply Depot, Marine x3  
  115  8:57  Widow Mine  
  115  9:01  Refinery  
  115  9:02  Refinery  
  120  9:04  Command Center, Marine  
  120  9:05  Liberator  
  120  9:06  Marine  
  121  9:12  Marine  
  122  9:20  Marine x2  
  122  9:23  Marine x4  
  122  9:24  Marine  
  132  9:27  Liberator  
  132  9:29  SCV x2  
  132  9:30  Marine  
  135  9:31  Supply Depot  
  135  9:32  Supply Depot  
  135  9:38  Marine  
  136  9:41  Marine x6  
  145  9:48  Marine, Widow Mine  
  145  9:52  Supply Depot, Widow Mine  
  148  9:53  Supply Depot  
  148  9:56  Marine  
  148  9:58  Liberator  
  148  9:59  Marine  
  152  10:05  Supply Depot  
  152  10:10  Marine x2  
  152  10:13  Marine x4  
  158  10:20  Marine x2  
  158  10:21  Starport  
  163  10:23  Factory  
  163  10:31  Medivac  
  158  10:39  Marine  
  158  10:41  Marine x3  
  158  10:42  Marauder  
  137  10:45  Marine  
Show
View Real Time Build Order
Export as new Build Order

EnDerr Zerg 

Build Orders: Hatch First, Muta Ling Bane 

Get SALT Encoding   

  12  0:01  Drone  
  13  0:08  Drone  
  14  0:20  Overlord  
  14  0:28  Extractor  
  13  0:29  Drone, Extractor  
  13  0:30  Drone  
  16  0:39  Drone  
  17  0:55  Hatchery  
  16  1:07  Spawning Pool  
  16  1:08  Extractor  
  14  1:15  Drone x2  
  16  1:19  Drone  
  17  1:30  Drone  
  18  1:38  Drone  
  19  1:47  Overlord  
  19  1:53  Queen  
  21  1:59  Zergling x2  
  22  2:01  Roach Warren  
  21  2:08  Queen  
  21  2:12  Drone  
  24  2:21  Drone x2  
  26  2:28  Drone  
  27  2:32  Queen  
  29  2:39  Drone x2  
  30  2:44  Overlord  
  30  2:55  Roach x2  
  30  2:56  Roach  
  36  3:05  Drone x2  
  36  3:06  Drone x2  
  40  3:17  Overlord  
  40  3:20  Drone x4  
  44  3:30  Overlord  
  44  3:36  Extractor  
  44  3:37  Roach x2  
  47  3:42  Overlord  
  47  3:45  Ravager x3  
  45  4:00  Drone x5  
  45  4:02  Drone x2  
  52  4:08  Overlord  
  52  4:12  Roach  
  52  4:13  Roach x2  
  52  4:16  Overlord  
  58  4:30  Roach x3  
  64  4:38  Overlord  
  64  4:40  Overlord  
  64  4:46  Ravager  
  64  4:52  Roach  
  67  4:53  Zergling x4  
  69  5:06  Zergling x2  
  70  5:07  Zergling x6  
  70  5:08  Zergling x6  
  70  5:10  Lair  
  76  5:18  Zergling x2  
  75  5:25  Zergling x4  
  75  5:28  Zergling x10  
  82  5:40  Zergling x4  
  68  5:50  Extractor x2  
  68  5:53  Drone  
  68  5:54  Drone x4  
  68  5:55  Ravager  
  68  5:56  Ravager  
  73  5:58  Drone x2  
  73  6:00  Drone  
  76  6:05  Hatchery  
  75  6:12  Drone x4  
  75  6:13  Drone  
  80  6:22  Overlord  
  79  6:27  Spire  
  76  6:33  Metabolic Boost  
  72  6:43  Drone x4  
  74  6:48  Drone x2  
  74  6:49  Drone x3  
  79  7:00  Extractor  
  78  7:02  Overlord  
  78  7:04  Extractor  
  78  7:05  Drone x2  
  79  7:09  Evolution Chamber  
  79  7:11  Evolution Chamber  
  77  7:19  Drone x3  
  79  7:37  Baneling Nest  
  79  7:38  Mutalisk  
  79  7:39  Mutalisk x6  
  92  7:48  Drone  
  92  7:49  Drone x10  
  103  7:58  Zerg Flyer Weapons Level 1  
  103  7:59  Zerg Ground Armor Level 1  
  103  8:01  Zerg Melee Weapons Level 1  
  103  8:03  Drone x2  
  103  8:04  Drone x2, Overlord  
  107  8:08  Zergling x4  
  109  8:14  Drone x2  
  109  8:19  Overlord  
  111  8:20  Centrifical Hooks  
  111  8:21  Baneling x2  
  111  8:22  Baneling x5  
  109  8:42  Mutalisk x3  
  109  8:45  Zergling x16  
  109  8:47  Hatchery  
  122  8:53  Overlord x2  
  122  9:02  Baneling  
  122  9:03  Baneling x4  
  122  9:04  Overlord x2, Baneling x2  
  122  9:05  Overlord x3  
  122  9:17  Mutalisk  
  118  9:19  Overlord x3  
  120  9:24  Mutalisk x4  
  122  9:50  Mutalisk x4  
  130  9:53  Zergling x24  
  130  9:56  Zergling x2  
  143  10:00  Overseer  
  143  10:09  Extractor  
  143  10:10  Extractor, Baneling x5  
  143  10:11  Queen  
  143  10:13  Drone x3  
  146  10:14  Drone x3  
  146  10:15  Drone x4  
  146  10:17  Baneling x3  
  146  10:20  Zergling x2  
  154  10:23  Zergling x2  
  148  10:31  Drone x3  
  148  10:32  Drone x2  
  136  10:42  Zergling x16  
  106  10:44  Zergling x2, Baneling x4  
  106  10:45  Zergling x2  
Tags
 
Add a new tag
Caveats
  • Supply blocks, unpowered buildings, or Contaminate may cause inaccurate times.
  • Supply counts are checked every 10 seconds.